 Dungeon Sprint DCSS version 0.30-a0-824-g6c64550be9 (webtiles) character file.

Game seed: 8113032088047814283

4300000 BigDaddyOpFi the Acrobat (level 21, -29/180 HPs)
             Began as a Djinni Warper on Feb 27, 2023.
             Was the Champion of Makhleb.
             Annihilated by a destroyer
             ... wielding a +9 heavy great sword
              (112 damage)
             ... in the Dungeon (Sprint VIII: "Arena of Blood").
             The game lasted 00:00:55 (43 turns).

BigDaddyOpFi the Acrobat (Djinni Warper)              Turns: 43, Time: 00:00:55

Health: -29/180    AC:  6    Str: 12    XL:     21   Next: 35%
Gold:   0          EV: 31    Int: 17    God:    Makhleb [******] SH:  0 Dex: 20

rFire   + + .      SeeInvis .      - Unarmed
rCold   x . .      Faith    .    (no shield)
rNeg    . . .      Spirit   .    a - +0 leather armour
rPois   ∞          Reflect  .    (no helmet)
rElec   .          Harm     .    (no cloak)
rCorr   .          Rampage  .    (no gloves)
Will    ++...      NoTele   +    (boots unavailable)
Stlth   ++++++++                 (no amulet)
HPRegen 0.50/turn                (no ring)
MPRegen 0.00/turn                (no ring)

@: flying
A: sickness immunity, fire resistance 2, cold vulnerability 1, float, innate
caster, HP casting, extra vitality 1
a: Renounce Religion, Minor Destruction, Lesser Servant of Makhleb, Major
Destruction, Greater Servant of Makhleb


You were in the Dungeon.
You worshipped Makhleb.
Makhleb was exalted by your worship.
You visited 1 branch

Inventory:

Missiles
 c - 7 boomerangs of dispersal (quivered)
Armour
 a - a +0 leather armour (worn)
Scrolls
 b - 2 scrolls of blinking
Potions
 d - a potion of curing
 e - a potion of heal wounds
 f - a potion of haste
 g - a potion of berserk rage


   Skills:
 + Level 24.6 Fighting
 + Level 21.1 Axes
 + Level 21.1 Throwing
 + Level 24.6 Armour
 + Level 26.5 Dodging
 + Level 22.8 Stealth
 + Level 24.6 Unarmed Combat
 + Level 19.7 Spellcasting
 + Level 24.6 Invocations


You knew the following spells:

 Your Spells              Type           Power      Damage    Failure   Level
a - Blink                 Tloc           100%       N/A       0%          2
b - Lesser Beckoning      Tloc           100%       N/A       0%          2
c - Vhi's Electric Charg  Tloc/Air       100%       N/A       0%          3
d - Teleport Other        Tloc           71%        N/A       0%          3
e - Manifold Assault      Tloc           71%        N/A       0%          4
f - Apportation           Tloc           100%       N/A       0%          1
g - Searing Ray           Conj           100%       2d8       0%          2
h - Spider Form           Tmut/Pois      71%        N/A       0%          3
i - Confusing Touch       Hex            71%        N/A       0%          3
j - Airstrike             Air            35%        2d(6-22)  0%          4
k - Borgnjor's Vile Clut  Necr/Erth      35%        N/A       1%          5
l - Summon Cactus Giant   Summ           35%        N/A       1%          6
m - Summon Hydra          Summ           35%        N/A       1%          7
n - Eringya's Noxious Bo  Tmut/Pois      35%        N/A       1%          6
o - Storm Form            Tmut/Air       35%        N/A       1%          7
Your spell library was empty.

Dungeon Overview and Level Annotations

Branches:
Dungeon (1/1)

Altars:
Makhleb


Innate Abilities, Weirdness & Mutations

You are immune to sickness and miasma.
You are immune to poison.
Your flesh is very heat resistant. (rF++)
You are vulnerable to cold. (rC-)
You float through the air rather than walking.
You learn spells naturally, not from books.
Your magical power is your life essence.
You have superior vitality. (+4 MHP)


Message History

Your Dodging skill increases to level 26!
Your Unarmed Combat skill increases to level 24!
Your Invocations skill increases to level 24!
You have reached level 21!
Your experience leads to an increase in your attributes!
Increase (S)trength, (I)ntelligence, or (D)exterity?
You feel stronger. x2
The power to cast Storm Form wells up from within.
Spell assigned to 'o'.
You are now empty-handed.
You drop the +∞ Axe of Woe.
You hear a shout! x3
The meat berserker is engulfed in blazing flames.
You hear a shout! x5
The destroyer gestures at you while chanting.
The destroyer blinks!
The destroyer gestures at you while chanting.
The destroyer blinks!
The bag of meat completely misses you.
You hear a shout!
The bag of meat hits you with a +9 war axe!
The eight-headed meat hydra is engulfed in blazing flames.
The eight-headed meat hydra calls on the powers of darkness!
The eight-headed meat hydra convulses!
The bag of meat convulses! x2
The meat berserker convulses!
Your body is wracked with pain!
You hear a shout! x2
Unknown command.
Unknown command.
You pummel the bag of meat!!
The bag of meat is severely wounded.
The tyrant appears out of thin air!
A tyrant comes into view.
The sculptor of flesh closely misses you.
You hear a shout!
Unknown command.
Unknown command.
You pummel the meat berserker!! You punch the meat berserker!
The meat berserker is almost dead.
You hear a shout! x2
The destroyer hits you with a +9 heavy great sword!!!!
Ouch! That really hurt!
You die...

......###.oo.....
#........_.oo......
......#..o))#......
......#§§D)_#......
......#o))).#......
...V..§§§.........
....V.)###........
..###.Oz....###...
#V@oV...# .


#Voooo§.# ..zooz..... ....OVO.o.... ..V....o....... ..............#
....#........#. ...L.........# You could see a tyrant, an eight-headed meat
hydra, 7 destroyers, 3 sculptors of flesh, a large bag of meat (inner flame), 2
meat berserkers and 11 bags of meat.

Vanquished Creatures
  Harold (D)
  3 vampire knights (D)
  10 ogres (D)
  A two-headed ogre (D)
  21 orcs (D)
36 creatures vanquished.

Notes
Turn   | Place    | Note
-------+----------+-------------------------------------------
     0 | D        | Found the +∞ Axe of Woe
     0 | D        | BigDaddyOpFi the Djinni Warper began the quest for the Orb.
     0 | D        | BigDaddyOpFi set off with the following spells memorised:
                  | Blink, Lesser Beckoning, Vhi's Electric Charge, Teleport
                  | Other, Manifold Assault.
     0 | D        | Reached XP level 1. HP: 18/18 MP: 0/0
     2 | D        | Noticed a bag of meat
     3 | D        | Noticed a bag of meat
     4 | D        | Became a worshipper of Makhleb the Destroyer
     5 | D        | Noticed a bag of meat
     6 | D        | Noticed a meat berserker
     7 | D        | Killed a bag of meat
     7 | D        | Noticed a meat berserker
     7 | D        | Noticed a meat berserker
     8 | D        | Reached skill level 10 in Dodging
     8 | D        | Reached XP level 2. HP: 34/34 MP: 0/0
     8 | D        | Reached XP level 3. HP: 39/39 MP: 0/0
     8 | D        | Learned a level 1 spell: Apportation
     8 | D        | Reached XP level 4. HP: 45/45 MP: 0/0
     8 | D        | Reached XP level 5. HP: 50/50 MP: 0/0
     8 | D        | Learned a level 2 spell: Searing Ray
     8 | D        | Reached XP level 6. HP: 56/56 MP: 0/0
     8 | D        | Reached XP level 7. HP: 61/61 MP: 0/0
     8 | D        | Learned a level 3 spell: Spider Form
     8 | D        | Reached XP level 8. HP: 67/67 MP: 0/0
     8 | D        | Reached XP level 9. HP: 72/72 MP: 0/0
     8 | D        | Learned a level 3 spell: Confusing Touch
     8 | D        | Reached XP level 10. HP: 78/78 MP: 0/0
     8 | D        | Reached XP level 11. HP: 84/84 MP: 0/0
     8 | D        | Learned a level 4 spell: Airstrike
     8 | D        | Killed a meat berserker
     8 | D        | Reached * piety under Makhleb
     9 | D        | Reached skill level 12 in Dodging
     9 | D        | Reached skill level 10 in Stealth
     9 | D        | Reached XP level 12. HP: 66/94 MP: 0/0
     9 | D        | Reached XP level 13. HP: 70/99 MP: 0/0
     9 | D        | Learned a level 5 spell: Borgnjor's Vile Clutch
     9 | D        | Killed a meat berserker
     9 | D        | Killed a bag of meat
     9 | D        | Killed a meat berserker
     9 | D        | Reached ** piety under Makhleb
     9 | D        | Noticed a bag of meat
    10 | D        | Reached skill level 15 in Dodging
    10 | D        | Reached XP level 14. HP: 79/112 MP: 0/0
    10 | D        | Reached XP level 15. HP: 83/117 MP: 0/0
    10 | D        | Learned a level 6 spell: Summon Cactus Giant
    11 | D        | Noticed a meat berserker
    16 | D        | Killed a meat berserker
    16 | D        | Reached *** piety under Makhleb
    17 | D        | Reached skill level 15 in Fighting
    17 | D        | Reached skill level 15 in Armour
    17 | D        | Reached skill level 17 in Dodging
    17 | D        | Reached skill level 15 in Unarmed Combat
    17 | D        | Reached skill level 15 in Invocations
    17 | D        | Reached XP level 16. HP: 128/128 MP: 0/0
    17 | D        | Noticed a meat berserker
    19 | D        | Noticed a meat berserker
    20 | D        | Noticed a meat berserker
    21 | D        | Reached skill level 15 in Stealth
    21 | D        | Noticed a destroyer
    21 | D        | Killed a meat berserker
    21 | D        | Reached **** piety under Makhleb
    21 | D        | Noticed a destroyer
    22 | D        | Reached skill level 18 in Dodging
    22 | D        | Reached XP level 17. HP: 136/136 MP: 0/0
    22 | D        | Learned a level 7 spell: Summon Hydra
    22 | D        | Killed a destroyer
    22 | D        | Noticed a meat berserker
    23 | D        | Reached skill level 15 in Axes
    23 | D        | Reached skill level 15 in Throwing
    23 | D        | Reached skill level 19 in Dodging
    23 | D        | Noticed a large bag of meat
    24 | D        | Killed a meat berserker
    24 | D        | Killed a destroyer
    25 | D        | Reached skill level 21 in Dodging
    25 | D        | Reached skill level 15 in Spellcasting
    25 | D        | Reached XP level 18. HP: 96/148 MP: 0/0
    25 | D        | Killed a meat berserker
    25 | D        | Reached ***** piety under Makhleb
    26 | D        | Killed a meat berserker
    26 | D        | Noticed The Servant
    26 | D        | Noticed an eight-headed meat hydra
    27 | D        | Reached skill level 22 in Dodging
    27 | D        | Reached XP level 19. HP: 100/158 MP: 0/0
    27 | D        | Learned a level 6 spell: Eringya's Noxious Bog
    28 | D        | Reached skill level 23 in Dodging
    28 | D        | Noticed a meat berserker
    28 | D        | Noticed a meat berserker
    28 | D        | Noticed a meat berserker
    29 | D        | Killed The Servant
    30 | D        | Reached skill level 24 in Dodging
    30 | D        | Reached XP level 20. HP: 86/169 MP: 0/0
    30 | D        | Reached ****** piety under Makhleb
    34 | D        | Killed a meat berserker
    35 | D        | Reached skill level 25 in Dodging
    35 | D        | Killed a large bag of meat
    35 | D        | Noticed a destroyer
    36 | D        | Killed a meat berserker
    37 | D        | Noticed a destroyer
    39 | D        | Noticed a destroyer
    39 | D        | Noticed a destroyer
    39 | D        | Noticed a large bag of meat
    39 | D        | Noticed a destroyer
    39 | D        | Noticed a destroyer
    39 | D        | Noticed a meat berserker
    39 | D        | Noticed a destroyer
    39 | D        | Noticed a destroyer
    40 | D        | Killed a destroyer
    40 | D        | Noticed a meat berserker
    41 | D        | Reached skill level 26 in Dodging
    41 | D        | Reached XP level 21. HP: 180/180 MP: 0/0
    41 | D        | Learned a level 7 spell: Storm Form
    43 | D        | Noticed a tyrant
    43 | D        | Annihilated by a destroyer

Illustrated notes

Levels and vault maps discovered:
D:        meatsprint

Skill      XL: |  1  2  3  4  5  6  7  8  9 10 11 12 13 14 15 16 17 18 19 20 |
---------------+-------------------------------------------------------------+-----
Fighting       | 9 11 14 15 17 19 21 22 24 | 24.6
Axes           | 7 9 12 13 14 16 17 19 21 | 21.1
Throwing       | 7 9 12 13 14 16 18 19 21 | 21.1
Armour         | 9 11 14 15 17 19 21 22 24 | 24.6
Dodging        | 10 12 15 17 18 21 22 24 26 | 26.5
Stealth        | 8 10 13 14 15 18 19 20 22 | 22.8
Unarmed Combat | 9 11 14 15 17 19 21 22 24 | 24.6
Spellcasting   | 7 9 11 12 13 15 16 17 19 | 19.7
Invocations    | 8 11 14 15 17 19 21 22 24 | 24.6

Action                     |  1- 3 |  4- 6 |  7- 9 | 10-12 | 13-15 | 16-18 | 19-21 || total
---------------------------+-------+-------+-------+-------+-------+-------+-------++-------
  Melee: Executioner's axe |     1 |       |       |     1 |     3 |     7 |    13 ||    25
         Unarmed           |       |       |       |       |       |       |     2 ||     2
         Punch             |       |       |       |       |       |       |     1 ||     1
   Cast: Vhi's Electric Ch |       |       |       |       |       |       |     4 ||     4
 Armour: Leather armour    |       |       |       |       |       |     1 |       ||     1
  Dodge: Dodged            |       |       |       |       |     1 |       |     2 ||     3

Table legend: (Time is in decaauts)
 A = Elapsed time spent in this place.
 B = Non-inter-level travel time spent in this place.
 C = Inter-level travel time spent in this place.
 D = Time resting spent in this place.
 E = Time spent auto-exploring this place.
 F = Levels seen in this place.
 G = Mean time per level.
                   A        B        C        D        E       F      G
               +--------+--------+--------+--------+--------+-----+--------+
         Total |     44 |     44 |      0 |      0 |      0 |   1 |   44.0 |
       Dungeon |     44 |     44 |      0 |      0 |      0 |   1 |   44.0 |
               +--------+--------+--------+--------+--------+-----+--------+

Top non-repeatable levels by time:
       D: 44 daAuts
